 Dungeon Crawl Stone Soup version 0.28-a0-1415-g7c84da036a (webtiles) character file.

Game seed: 8511214228011617931

3460 oldriver the Digger (level 9, -3/78 HPs)
             Began as a Demigod Earth Elementalist on Jan 8, 2022.
             Slain by Harold (13 damage)
             ... on level 7 of the Dungeon.
             The game lasted 00:17:13 (9056 turns).

oldriver the Digger (Demigod Earth Elementalist)    Turns: 9056, Time: 00:17:14

Health: -3/78      AC:  5    Str:  9    XL:     9   Next: 49%
Magic:  1/22       EV: 12    Int: 29    God:
Gold:   1434       SH:  0    Dex: 14    Spells: 14/20 levels left

rFire   . . .      SeeInvis .   l - +2 mace (venom)
rCold   . . .      Faith    .   (no shield)
rNeg    . . .      Spirit   .   b - +1 robe
rPois   .          Reflect  .   (no helmet)
rElec   .          Harm     .   (no cloak)
rCorr   .          Rampage  .   (no gloves)
Will    .....                   w - +1 pair of boots
Stlth   ++........              (no amulet)
HPRegen 0.23/turn               (no ring)
MPRegen 0.18/turn               (no ring)

@: mighty, marked
A: high mp 1, forlorn, divine attributes
a: no special abilities


You were on level 7 of the Dungeon.
You visited 1 branch of the dungeon, and saw 8 of its levels.

You collected 2220 gold pieces.
You spent 786 gold pieces at shops.

Inventory:

Hand Weapons
 a - a +0 dagger
 l - a +2 mace of venom (weapon)
Missiles
 c - 90 stones
Armour
 b - a +1 robe (worn)
 f - the +3 ring mail of the Ethereal Swan {-Tele rF+ Str+5}
   (You bought it in a shop on level 4 of the Dungeon)

   Str:       It affects your strength (+5).
   rF:        It protects you from fire.
   -Tele:     It prevents most forms of teleportation.
 w - a +1 pair of boots (worn)
Magical Staves
 g - a staff of air
Wands
 j - a wand of iceblast (7)
Scrolls
 i - 2 scrolls of immolation {unknown}
 m - 2 scrolls of identify
 o - a scroll of magic mapping
 t - a scroll of enchant armour
 v - a scroll of teleportation
Potions
 d - 2 potions of brilliance
 e - 2 potions of might
 h - a potion of berserk rage
 k - 4 potions of attraction
 n - 2 potions of heal wounds
 p - a potion of mutation {unknown}
 q - 3 potions of haste
 r - 2 potions of curing
 u - a potion of cancellation {unknown}
 x - a potion of ambrosia {unknown}


   Skills:
 + Level 6.4 Fighting
 - Level 1.7 Dodging
 - Level 1.7 Stealth
 + Level 6.2 Spellcasting
 + Level 5.7 Conjurations
 - Level 0.8 Transmutations
 + Level 7.1 Earth Magic


You had 14 spell levels left.
You knew the following spells:

 Your Spells              Type           Power      Damage    Failure   Level
a - Sandblast             Erth           100%       2d20      1%          1
b - Passwall              Tmut/Erth      26%        N/A       1%          2
c - Stone Arrow           Conj/Erth      92%        3d12      1%          3

Your spell library contained the following spells:

 Spells                   Type           Power      Damage    Failure   Level
 Foxfire                  Conj/Fire      100%       2x1d9     1%          1
 Shock                    Conj/Air       100%       1d9       1%          1
 Mephitic Cloud           Conj/Pois/Air  20%        N/A       8%          3
 Sublimation of Blood     Necr           9%         N/A       9%          2
 Petrify                  Tmut/Erth      32%        N/A       11%         4
 Summon Guardian Golem    Hex/Summ       9%         N/A       17%         3
 Fulminant Prism          Conj/Hex       12%        3d9       17%         4
 Irradiate                Conj/Tmut      14%        3d18      36%         5
 Passage of Golubria      Tloc           9%         N/A       50%         4
 Iron Shot                Conj/Erth      23%        9d5       52%         6
 Silence                  Hex/Air        4%         N/A       83%         5
 Orb of Destruction       Conj           21%        9d9       99%         7
 Spellforged Servitor     Conj/Summ      12%        N/A       100%        7
 Lehudib's Crystal Spear  Conj/Erth      23%        10d6      100%        8


Dungeon Overview and Level Annotations

Branches:
Dungeon (8/15)             Temple (0/1) D:7
   Lair: D:8-11

Shops:
D:2 :   D:4 !(*!*

Annotations:
D:4 1 runed translucent door, Vadun's ghost, amateur DsGl
D:6 1 runed translucent door, bande's ghost, novice GrFi
D:7 Harold


Innate Abilities, Weirdness & Mutations

You have an increased reservoir of magic. (+10% MP)
You shall have no god before yourself.
Your divine heritage dramatically boosts your attributes as you level up.


Message History

Harold casts a spell at you.
You barely resist. Harold closely misses you.
Casting: Sandblast (safe; 1% risk of failure)
Confirm with . or Enter, or press ? or * to list all spells.
Aiming: Sandblast (safe; 1% risk of failure)
Press: ? - help, Shift-Dir - straight line, f/p - Harold
Aim: Harold, wielding a +0 long sword of electrocution and wearing a +0 scale mail (severely wounded, extremely poisoned, 90% to hit)
The blast of sand hits Harold.
Harold is severely wounded.
c - 91 stones Harold casts a spell at you.
The mark upon you grows brighter.
Casting: Sandblast (safe; 1% risk of failure)
Confirm with . or Enter, or press ? or * to list all spells.
Aiming: Sandblast (safe; 1% risk of failure)
Press: ? - help, Shift-Dir - straight line, f/p - Harold
Aim: Harold, wielding a +0 long sword of electrocution and wearing a +0 scale mail (severely wounded, extremely poisoned, 90% to hit)
The blast of sand hits Harold but does no damage.
Harold is severely wounded.
c - 90 stones Harold closely misses you.
Casting: Sandblast (safe; 1% risk of failure)
Confirm with . or Enter, or press ? or * to list all spells.
You don't have enough magic to cast this spell.
Unknown command.
You thump Harold!
Harold is almost dead.
Harold hits you with a +0 long sword of electrocution!
Unknown command.
You barely miss Harold.
Harold is almost dead.
Harold hits you with a +0 long sword of electrocution!
* * * LOW HITPOINT WARNING * * *
Unknown command.
You barely miss Harold.
Harold is almost dead.
Harold hits you with a +0 long sword of electrocution.
* * * LOW HITPOINT WARNING * * *
Harold hits you with a +0 long sword of electrocution!
You die...

#.#.####.##.#.#...###..>..#
#..........[[<#..... . .#
####.####.####[#..#....
#...........[..<.......
#.(..#......#########.#..
#....###...........# #..#
######.##.### #.. #(# #.
#@# # #@# #.# ... .#. .....
..#.# #......


You could see Harold (very poisoned).

Vanquished Creatures
  A centaur warrior (D:8)
  A wyvern (D:6)
  Menkaure (D:7)
  A water moccasin (D:5)
  Duvessa (D:4)
  4 black bears
  An orc warrior (D:5)
  An ice beast (D:7)
  A centaur (D:5)
  An ogre (D:6)
  2 scorpions
  A water moccasin zombie (D:5)
  A water moccasin skeleton (D:5)
  Dowan (D:4)
  15 wights
  4 orc priests
  3 centaur zombies
  2 hounds
  2 centaur skeletons
  3 iguanas
  2 orc wizards
  2 killer bee zombies (D:6)
  4 adders
  12 gnolls
  3 white imps
  An ufetubus (D:3)
  3 adder skeletons
  A worm (D:2)
  A dart slug (D:2)
  19 orcs
  4 ball pythons
  4 endoplasms
  6 giant cockroaches
  5 goblins
  12 hobgoblins
  5 jackals
  2 quokkas
  6 bats
  2 frilled lizards (D:3)
  8 kobolds
  5 rats
154 creatures vanquished.

Vanquished Creatures (others)
  4 plants (D:8)
4 creatures vanquished.

Grand Total: 158 creatures vanquished

Notes
Turn   | Place    | Note
-------+----------+-------------------------------------------
     0 | D:1      | oldriver the Demigod Earth Elementalist began the quest for
                  | the Orb.
     0 | D:1      | Reached XP level 1. HP: 14/14 MP: 5/5
   329 | D:1      | Reached XP level 2. HP: 22/22 MP: 4/7
   595 | D:1      | Reached skill level 1 in Fighting
   595 | D:1      | Reached skill level 3 in Earth Magic
   966 | D:2      | Learned a level 2 spell: Passwall
  1205 | D:2      | Reached XP level 3. HP: 28/28 MP: 6/9
  1407 | D:2      | Found Savurgh's Book Shoppe.
  2149 | D:2      | Reached XP level 4. HP: 36/36 MP: 3/10
  2860 | D:2      | Learned a level 3 spell: Stone Arrow
  2866 | D:3      | Reached XP level 5. HP: 37/42 MP: 8/12
  3414 | D:4      | Found Fulare's Distillery.
  3418 | D:4      | Reached skill level 4 in Earth Magic
  3749 | D:4      | Found Eroceisk's Assorted Antiques.
  3800 | D:4      | Identified a scroll of acquirement
  3800 | D:4      | Acquired 831 gold pieces
  3809 | D:4      | Found Qoif's Assorted Antiques.
  3949 | D:4      | Bought a dazzling ring mail for 198 gold pieces
  3949 | D:4      | Identified the +3 ring mail of the Ethereal Swan {-Tele rF+
                  | Str+5} (You bought it in a shop on level 4 of the Dungeon)
  3949 | D:4      | Bought a long glowing staff for 264 gold pieces
  4032 | D:4      | Found a runed translucent door.
  4199 | D:4      | Noticed Duvessa
  4234 | D:4      | Noticed Dowan
  4384 | D:4      | Reached skill level 1 in Conjurations
  4473 | D:5      | Entered Level 5 of the Dungeon
  4485 | D:5      | Reached XP level 6. HP: 45/51 MP: 4/14
  4972 | D:5      | Reached XP level 7. HP: 21/57 MP: 5/16
  5382 | D:5      | Acquired 1122 gold pieces
  5423 | D:5      | Reached skill level 5 in Earth Magic
  6529 | D:6      | Reached XP level 8. HP: 67/67 MP: 14/18
  6815 | D:6      | Found a runed translucent door.
  6869 | D:6      | Noticed bande's ghost (novice GrFi)
  7308 | D:6      | Reached skill level 5 in Fighting
  7308 | D:6      | Reached skill level 5 in Spellcasting
  7526 | D:4      | Found Siticaxo's Antique Weapon Boutique.
  7661 | D:4      | Found Fiop Fukh's Distillery.
  7668 | D:4      | Reached skill level 6 in Earth Magic
  7706 | D:4      | Bought a potion of heal wounds for 70 gold pieces
  7706 | D:4      | Bought a potion of haste for 140 gold pieces
  7706 | D:4      | Bought a potion of curing for 42 gold pieces
  7751 | D:4      | Killed Duvessa
  7904 | D:4      | Killed Dowan
  8112 | D:4      | Noticed Vadun's ghost (amateur DsGl)
  8156 | D:4      | Bought a scroll labelled WUCWOT COFIU for 25 gold pieces
  8156 | D:4      | Bought a pink potion for 22 gold pieces
  8156 | D:4      | Bought a scroll labelled KIOVUVVO BIXUE for 25 gold pieces
  8165 | D:4      | Acquired the Collected Works on Feathery Attacks
  8542 | D:6      | Reached XP level 9. HP: 56/72 MP: 2/21
  8757 | D:7      | Noticed Harold
  8792 | D:7      | Found a staircase to the Ecumenical Temple.
  8813 | D:7      | You fall into a shaft and drop 1 floor!
  8813 | D:8      | Noticed a centaur warrior
  8818 | D:8      | Killed a centaur warrior
  8819 | D:8      | Reached skill level 5 in Conjurations
  8936 | D:7      | Noticed Menkaure
  8940 | D:7      | Killed Menkaure
  8957 | D:7      | Reached skill level 7 in Earth Magic
  9056 | D:7      | Slain by Harold

Illustrated notes

Levels and vault maps discovered:
D:1:      dpeg_arrival_three_smaller_balls, layout_loops_cross
D:2:      layout_loops_cross, serial_shops, shop, grunt_ministairs_11
D:3:      layout_rooms, corexii_corridor_pit
D:4:      minmay_door_path, layout_rooms, serial_shops,
          nicolae_shop_overgrown_old_shop, shop, shop, nicolae_shop_waterfront,
          nicolae_shop_advertising_works [nicolae_subvault_shop_adworks],
          ebering_ghost_reflecting_pool, uniq_duvessa
D:5:      minmay_evil_eye, layout_basic
D:6:      layout_basic, gammafunk_ghost_grave, mrwooster_statue_mirror
D:7:      layout_basic, lemuel_crystal_altar, minmay_temple_entry_tees,
          serial_glass, glass_columns_a, glass_columns_c, uniq_menkaure,
          uniq_harold
D:8:      layout_basic, chequers_ossuary_entry_cave, serial_bayou,
          serial_bayou_shore_a, serial_bayou_pond_d, serial_bayou_pond_b,
          serial_bayou_ford_a

Skill      XL: |  1  2  3  4  5  6  7  8  9 |
---------------+----------------------------+-----
Spellcasting   | 2 3 4 5 6 |  6.2
Fighting       | 1 2 3 4 5 6 |  6.4
Earth Magic    | 3 4 5 6 7 |  7.1
Conjurations   | 1 2 3 4 5 |  5.7
Dodging        | |  1.7
Stealth        | |  1.7
Transmutations | |  0.8

Action                   |  1- 3 |  4- 6 |  7- 9 || total
-------------------------+-------+-------+-------++-------
Melee: Dagger            |    53 |       |       ||    53
       Mace              |       |    25 |    15 ||    40
       Punch             |       |     1 |       ||     1
 Cast: Sandblast         |    56 |    91 |    26 ||   173
       Stone Arrow       |       |    12 |   100 ||   112
  Use: Scroll            |       |     9 |     5 ||    14
       Potion            |       |       |     2 ||     2
 Stab: Sleeping          |     1 |     1 |       ||     2
Armor: Robe              |    17 |     9 |     8 ||    34
Dodge: Dodged            |    39 |    59 |    44 ||   142

Table legend: (Time is in decaauts)
 A = Elapsed time spent in this place.
 B = Non-inter-level travel time spent in this place.
 C = Inter-level travel time spent in this place.
 D = Time resting spent in this place.
 E = Time spent auto-exploring this place.
 F = Levels seen in this place.
 G = Mean time per level.
                   A        B        C        D        E       F      G
               +--------+--------+--------+--------+--------+-----+--------+
         Total |   9067 |   8683 |    384 |   2836 |   4242 |   8 | 1133.4 |
       Dungeon |   9067 |   8683 |    384 |   2836 |   4242 |   8 | 1133.4 |
               +--------+--------+--------+--------+--------+-----+--------+

Top non-repeatable levels by time:
     D:5: 1944 daAuts
     D:2: 1688 daAuts
     D:6: 1490 daAuts
     D:3: 1370 daAuts
     D:4: 1258 daAuts
     D:1: 919 daAuts
     D:7: 295 daAuts
     D:8: 98 daAuts
